 Dungeon Crawl Stone Soup version 0.16.2-12-gd0ad4c3 (webtiles) character file.

7592 faibistes the Thaumaturge (level 10, -1/56 HPs)
             Began as a Deep Elf Wizard on Aug 9, 2018.
             Was an Elder of Sif Muna.
             Killed from afar by Harold (28 damage)
             ... with a bolt of fire
             ... on level 10 of the Dungeon.
             The game lasted 00:41:58 (14066 turns).

faibistes the Thaumaturge (Deep Elf Wizard)        Turns: 14066, Time: 00:41:58

Health: -1/56      AC:  8    Str:  7    XL:     10   Next: 97%
Magic:  38/41      EV: 15    Int: 32    God:    Sif Muna [****..]
Gold:   413        SH:  0    Dex: 13    Spells: 6 memorised, 18 levels left

rFire  . . .     SeeInvis .     w - +3 dagger (venom)
rCold  + . .     Clarity  .     K - +1 robe of the Duke {rC+ Str+3 Int+3}
rNeg   . . .     SustAb   .     (no shield)
rPois  .         Gourm    +     b - +0 hat
rElec  .         Spirit   .     M - +2 cloak
rCorr  .         Warding  .     i - +1 pair of gloves
rMut   .         Stasis   .     (no boots)
MR     +....                    n - amulet of the gourmand
Stlth  ++........               R - ring of magical power
                                x - +2 ring of intelligence

@: somewhat resistant to hostile enchantments, unstealthy
A: no striking features
a: Channel Energy, Forget Spell, Renounce Religion


You were on level 10 of the Dungeon.
You worshipped Sif Muna.
Sif Muna was greatly pleased with you.
You were completely stuffed.

You visited 2 branches of the dungeon, and saw 13 of its levels.

You collected 646 gold pieces.
You spent 233 gold pieces at shops.

Inventory:

Hand weapons
 w - a +3 dagger of venom (weapon)
 P - a +1 dagger
 W - a +0 trident of freezing
Armour
 b - a +0 hat (worn)
 i - a +1 pair of gloves (worn)
 K - the +1 robe of the Duke (worn) {rC+ Str+3 Int+3}
   (You found it on level 7 of the Dungeon)

   It affects your strength (+3).
   It affects your intelligence (+3).
   It protects you from cold.
 M - a +2 cloak (worn)
Magical staves
 r - an uncursed staff of death
 N - a cursed staff of conjuration
Jewellery
 n - an amulet of the gourmand (around neck)
 x - a +2 ring of intelligence (left hand)
 R - a ring of magical power (right hand)
Magical devices
 e - a wand of frost (30)
 f - a wand of magic darts (34)
 h - a wand of draining (6)
 p - a wand of flame (5)
 O - a wand of digging (12)
 Q - a wand of draining (4)
 S - a wand of paralysis (12)
 U - a wand of lightning (7)
 V - a wand of cold (6)
Scrolls
 a - 3 scrolls of magic mapping
 o - 2 scrolls of teleportation
 u - 3 scrolls of remove curse
 y - a scroll of blinking
 F - 3 scrolls of recharging
 L - a scroll of immolation
Potions
 g - 4 potions of heal wounds
 k - 2 potions of mutation
 l - 2 potions of might
 m - 2 potions of agility
 s - 2 potions of brilliance
 t - 2 potions of lignification
 v - a potion of flight
 z - a potion of resistance
 D - a potion of beneficial mutation {unknown}
 E - a potion of haste {unknown}
 H - a potion of invisibility {unknown}
 I - 4 potions of restore abilities
 J - 2 potions of curing
Books
 c - a book of Minor Magic

   Spells                             Type                      Level
   a - Magic Dart                     Conjuration                  1
   b - Blink                          Translocation                2
   c - Call Imp                       Summoning                    2
   d - Repel Missiles                 Charms/Air                   2
   e - Slow                           Hexes                        2
   f - Conjure Flame                  Conjuration/Fire             3
   g - Mephitic Cloud                 Conjuration/Poison/Air       3
Comestibles
 d - 8 bread rations
 q - 2 royal jellies
 A - 5 fruits
 B - 3 meat rations
 C - 8 slices of pizza
 G - 2 beef jerkies
 X - 2 chunks of flesh


   Skills:
 + Level 3.3 Fighting
 + Level 7.1 Dodging
 - Level 2.4 Stealth
 * Level 11.2 Spellcasting
 + Level 7.6 Conjurations
 + Level 4.6 Charms
 - Level 4.1 Summonings
 + Level 4.7 Translocations
 * Level 5.4 Fire Magic
 - Level 3.3 Air Magic
 - Level 2.0 Poison Magic
 * Level 5.1 Invocations
 + Level 3.7 Evocations


You had 18 spell levels left.
You knew the following spells:

 Your Spells              Type           Power        Failure   Level  Hunger
a - Magic Dart            Conj           ####         1%          1    None
b - Conjure Flame         Conj/Fire      ######..     1%          3    None
c - Call Imp              Summ           #####...     1%          2    None
d - Blink                 Tloc           N/A          1%          2    None
e - Mephitic Cloud        Conj/Pois/Air  #####...     1%          3    None
f - Repel Missiles        Chrm/Air       #####.       1%          2    None


Dungeon Overview and Level Annotations

Branches:
Dungeon (12/15)            Temple (1/1) D:4
   Lair: D:8-11         Orc: D:9-12

Altars:
Ashenzari
Cheibriados
Dithmenos
Elyvilon
Fedhas
Gozag
Kikubaaqudgha
Makhleb
Nemelex Xobeh
Okawaru
Qazlal
Ru
Sif Muna
Trog
Vehumet
Xom
Yredelemnul
Zin
The Shining One
Lugonu

Shops:
D:4 ?

Annotations:
D:10 Harold


Message History

You feel less protected from missiles.
You see here a throwing net.
Harold gestures at you while chanting. The bolt of fire misses you.
Harold throws a throwing net.
The throwing net barely misses you.
You see here a throwing net.
Casting: Conjure Flame
Confirm with . or Enter, or press ? or * to list all spells.
Aiming: Conjure Flame
Press: ? - help, Dir - move target cursor, p - Harold The fire roars!
An orc warrior comes into view. It is wielding a flail.
The orc warrior shouts!
Harold casts a spell at you. The bolt of fire hits you!
Ouch! That really hurt!
Harold gestures at you while chanting. The bolt of fire hits you!
Ouch! That really hurt!
You die...

#..........# #..........#
####..........#########
....<.....>..>÷........
.......................
..........##########..
#######.)/# .
..........##########.....
.........o@..(§(@........
..........###########..##
#########.# #@# ... ....
)..... ....... .......


You could see Harold and an orc warrior.

Vanquished Creatures
  2 hill giants (D:10)
  A centaur zombie (D:5)
  Joseph (D:10)
  A gargoyle (D:10)
  A troll (D:9)
  A two-headed ogre (D:8)
  2 steam dragons (D:9)
  A yak (D:7)
  A deep elf mage (D:9)
  A human (D:7)
  The ghost of Tiareth the Insei, an average HEMo (D:4)
  Menkaure (D:4)
  A water moccasin (D:9)
  2 orc warriors
  3 phantoms
  A wasp (D:10)
  An eye of draining (D:9)
  3 ogres
  5 sky beasts
  The ghost of casual the Skirmisher, an average DsFi (D:3)
  2 crocodiles (D:10)
  2 ice beasts
  5 centaurs
  A big kobold (D:9)
  Duvessa (D:4)
  2 giant frogs
  Blork the orc (D:5)
  A wyvern zombie (D:10)
  3 scorpions
  2 jellies
  6 killer bees (D:9)
  4 crimson imps
  A goliath beetle (D:8)
  Dowan (D:4)
  A giant frog zombie (D:10)
  An orc priest (D:8)
  3 hounds
  A giant frog skeleton (D:8)
  5 iguanas
  5 orc wizards
  3 sheep (D:7)
  7 worker ants
  Ijyb (D:3)
  A hound zombie (D:6)
  A mummy (D:9)
  2 worker ant zombies
  9 gnolls
  12 adders
  5 giant mites
  4 worms
  2 adder skeletons (D:7)
  5 giant geckos
  An ooze (D:1)
  21 orcs
  3 ball pythons
  2 bat skeletons
  A bat zombie (D:6)
  22 goblins
  21 hobgoblins
  7 jackals
  4 quokkas
  14 bats
  4 giant cockroaches
  10 giant newts
  A giant spore (D:11)
  11 kobolds
  A quokka skeleton (D:6)
  16 rats
  6 ballistomycetes
276 creatures vanquished.

Vanquished Creatures (collateral kills)
  An orc wizard (D:8)
1 creature vanquished.

Vanquished Creatures (others)
  A white imp (D:6)
  2 orcs
  A giant spore (D:8)
4 creatures vanquished.

Grand Total: 281 creatures vanquished

Notes
Turn   | Place    | Note
--------------------------------------------------------------
     0 | D:1      | faibistes, the Deep Elf Wizard, began the quest for the Orb.
     0 | D:1      | Reached XP level 1. HP: 10/10 MP: 6/6
   471 | D:1      | Reached XP level 2. HP: 15/15 MP: 5/10
   515 | D:1      | Learned a level 2 spell: Blink
   518 | D:1      | Learned a level 2 spell: Call Imp
  1440 | D:1      | Reached XP level 3. HP: 19/19 MP: 10/13
  1445 | D:1      | Learned a level 3 spell: Conjure Flame
  1449 | D:1      | Learned a level 3 spell: Mephitic Cloud
  1723 | D:2      | Found a sparkling altar of Nemelex Xobeh.
  1756 | D:2      | Found a stormy altar of Qazlal.
  1782 | D:2      | Found an opulent altar of Gozag.
  1829 | D:3      | Noticed a sky beast
  1949 | D:3      | Killed a sky beast
  1949 | D:3      | Reached skill level 5 in Spellcasting
  1949 | D:3      | Reached XP level 4. HP: 24/24 MP: 1/17
  1967 | D:3      | Learned a level 2 spell: Repel Missiles
  2016 | D:3      | Noticed casual's ghost (average DsFi)
  2328 | D:3      | Killed casual's ghost
  2328 | D:3      | Reached skill level 6 in Spellcasting
  2328 | D:3      | Reached XP level 5. HP: 11/28 MP: 10/20
  3159 | D:2      | Reached XP level 6. HP: 32/32 MP: 20/22
  3350 | D:3      | Found a white marble altar of Elyvilon.
  3350 | D:3      | Found a glowing silver altar of Zin.
  3351 | D:3      | Found a glowing golden altar of the Shining One.
  3401 | D:4      | Found a shattered altar of Ashenzari.
  3647 | D:5      | Entered Level 5 of the Dungeon
  4364 | D:3      | Noticed Ijyb
  4382 | D:3      | Killed Ijyb
  4382 | D:3      | Reached skill level 7 in Spellcasting
  4680 | D:4      | Noticed Menkaure
  4704 | D:4      | Killed Menkaure
  4919 | D:4      | Noticed Dowan
  4920 | D:4      | Noticed Duvessa
  4926 | D:4      | Killed Dowan
  4931 | D:4      | Killed Duvessa
  4931 | D:4      | Reached skill level 1 in Fighting
  4931 | D:4      | Reached XP level 7. HP: 16/38 MP: 8/25
  5347 | D:4      | Noticed a moth of wrath
  5567 | D:4      | Found a bloodstained altar of Trog.
  5746 | D:4      | Found Plyklawk's Magic Scroll Boutique.
  5755 | D:4      | Bought a scroll of recharging for 123 gold pieces
  5769 | D:4      | Bought a scroll of teleportation for 39 gold pieces
  5769 | D:4      | Bought a scroll of magic mapping for 45 gold pieces
  5773 | D:4      | Bought a scroll of identify for 26 gold pieces
  5795 | D:4      | Found a staircase to the Ecumenical Temple.
  5801 | Temple   | Entered the Ecumenical Temple
  5831 | Temple   | Became a worshipper of Sif Muna the Loreminder
  5891 | D:4      | Noticed Tiareth's ghost (average HEMo)
  5894 | D:4      | Killed Tiareth's ghost
  5894 | D:4      | Reached skill level 8 in Spellcasting
  5961 | D:4      | Reached skill level 1 in Fire Magic
  6305 | D:5      | Reached skill level 1 in Air Magic
  6407 | D:5      | Found a radiant altar of Vehumet.
  6660 | D:5      | Noticed Blork the orc
  6711 | D:5      | Killed Blork the orc
  6711 | D:5      | Reached XP level 8. HP: 27/43 MP: 5/27
  7031 | D:5      | Acquired Sif Muna's first power
  7031 | D:5      | Reached skill level 5 in Conjurations
  7031 | D:5      | Reached skill level 1 in Poison Magic
  7233 | D:5      | Reached skill level 5 in Dodging
  7270 | D:5      | Noticed a centaur zombie
  7279 | D:5      | Killed a centaur zombie
  7279 | D:5      | Reached skill level 9 in Spellcasting
  7679 | D:6      | Acquired Sif Muna's second power
  8071 | D:6      | Found an iron altar of Okawaru.
  8176 | D:8      | Reached XP level 9. HP: 47/47 MP: 20/29
  8893 | D:7      | Got a brightly glowing robe
  8904 | D:7      | Identified the +1 robe of the Duke {rC+ Str+3 Int+3} (You found it on level 7 of the Dungeon)
  9151 | D:7      | Reached skill level 1 in Evocations
  9344 | D:7      | Reached skill level 1 in Charms
  9344 | D:7      | Reached skill level 1 in Invocations
 10034 | D:7      | Found a stormy altar of Qazlal.
 10315 | D:8      | Noticed a two-headed ogre
 10346 | D:8      | Killed a two-headed ogre
 10346 | D:8      | Reached skill level 10 in Spellcasting
 10614 | D:8      | Found a basalt altar of Yredelemnul.
 10921 | D:9      | Reached XP level 10. HP: 28/54 MP: 5/31
 11702 | D:10     | Entered Level 10 of the Dungeon
 12495 | D:9      | Found a shadowy altar of Dithmenos.
 13205 | D:10     | Noticed Joseph
 13215 | D:10     | Noticed a hill giant
 13228 | D:10     | Killed a hill giant
 13322 | D:10     | Killed Joseph
 13322 | D:10     | Acquired Sif Muna's third power
 13732 | D:10     | Reached skill level 11 in Spellcasting
 13732 | D:10     | Reached skill level 5 in Fire Magic
 13974 | D:10     | Reached skill level 5 in Invocations
 13978 | D:10     | Noticed a hill giant
 13991 | D:10     | Killed a hill giant
 13997 | D:10     | Noticed Harold
 14066 | D:10     | Killed from afar by Harold

Action                   |  1- 3 |  4- 6 |  7- 9 | 10-12 || total
-------------------------+-------+-------+-------+-------++-------
Melee: Short sword       |       |     3 |       |       ||     3
       Dagger            |       |     4 |   137 |    96 ||   237
       Trident           |       |       |    13 |       ||    13
 Cast: Magic Dart        |    71 |   116 |   323 |   182 ||   692
       Mephitic Cloud    |     3 |     3 |    37 |    22 ||    65
       Conjure Flame     |       |    12 |    43 |    28 ||    83
       Call Imp          |       |     2 |     2 |       ||     4
       Blink             |       |     3 |     4 |     2 ||     9
       Repel Missiles    |       |     1 |     2 |       ||     3
Invok: Channel Energy    |       |       |    12 |    13 ||    25
Evoke: Wand              |       |       |     6 |    17 ||    23
  Use: Scroll            |       |       |    17 |     4 ||    21
       Potion            |       |       |       |     3 ||     3
 Stab: Confused          |       |       |     3 |     8 ||    11
       Sleeping          |       |       |     1 |       ||     1
  Eat: Chunk             |     9 |    13 |    21 |    12 ||    55
